 Dungeon Crawl Stone Soup version 0.29.1-15-g9cfb28693d (webtiles) character file.

Game seed: 7853510755123388448

526 BuddhaDhamma the Cleaver (level 7, 0/57 HPs)
             Began as a Minotaur Berserker on Mar 21, 2023.
             Was an Elder of Trog.
             Splashed by a jelly's acid (10 damage)
             ... in a sewer.
             The game lasted 00:06:40 (3303 turns).

BuddhaDhamma the Cleaver (Minotaur Berserker)       Turns: 3303, Time: 00:06:41

Health: 0/57       AC: -3    Str: 24    XL:     7   Next: 2%
Magic:  6/6        EV:  7    Int:  4    God:    Trog [****..]
Gold:   11         SH:  0    Dex:  9    Spells: 6/6 levels left

rFire   . . .      SeeInvis .   a - +0 hand axe
rCold   . . .      Faith    .   (no shield)
rNeg    . . .      Spirit   .   c - +0 plate armour
rPois   .          Reflect  .   (helmet restricted)
rElec   .          Harm     .   (no cloak)
rCorr   .          Rampage  .   t - +0 pair of gloves
Will    .....                   (no boots)
Stlth   ..........              (no amulet)
HPRegen 0.19/turn               (no ring)
MPRegen 0.10/turn               (no ring)

@: corroded, very slow
A: horns 2, retaliatory headbutt
a: Renounce Religion, Berserk, Trog's Hand, Brothers in Arms


You were in a sewer.
You worshipped Trog.
Trog was greatly pleased with you.
You visited 1 branch of the dungeon, and saw 4 of its levels.
You also visited: Sewer.

You collected 134 gold pieces.
You spent 123 gold pieces at shops.

Inventory:

Hand Weapons
 a - a +0 hand axe (weapon)
Missiles
 m - 3 boomerangs (quivered)
Armour
 c - a +0 plate armour (worn)
 t - a +0 pair of gloves (worn)
Scrolls
 b - 3 scrolls of noise {unknown}
 d - a scroll of vulnerability {unknown}
 f - a scroll of enchant armour {unknown}
 g - 2 scrolls of teleportation {unknown}
 i - a scroll of immolation {unknown}
 o - a scroll of amnesia {unknown}
 p - a scroll of enchant weapon
 r - a scroll of identify
Potions
 e - a potion of heal wounds {unknown}
 h - a potion of experience
 j - a potion of brilliance
 k - 2 potions of curing
 l - a potion of berserk rage {unknown}
 n - a potion of degeneration {unknown}
 q - a potion of magic {unknown}
 s - a potion of mutation {unknown}


   Skills:
 - Level 3.6 Fighting
 + Level 9.6 Axes
 - Level 2.4 Armour
 - Level 2.1 Dodging


You had 6 spell levels left.
You didn't know any spells.
Your spell library was empty.

Dungeon Overview and Level Annotations

Branches:
Dungeon (4/15)              Sewer (1/1)
 Temple: D:4-7

Altars:
Ashenzari

Shops:
D:1 ?   D:2 *


Innate Abilities, Weirdness & Mutations

You have a pair of horns on your head.
You reflexively headbutt those who attack you in melee.


Message History

r - a scroll of identify You enter the shallow water.
Moving in this stuff is going to be slow.
s - a fuming pink potion You see here a +0 pair of gloves.
t - a +0 pair of gloves You start putting on your armour.
You continue putting on your +0 pair of gloves. x4
You finish putting on your +0 pair of gloves.
You enter the shallow water.
Moving in this stuff is going to be slow.
You enter the shallow water.
Moving in this stuff is going to be slow.
You see here a frilled lizard skeleton.
A jelly comes into view.
Found a whip.
The jelly quivers.
You enter the shallow water.
Moving in this stuff is going to be slow.
Your unstable footing causes you to fumble your attack.
The jelly hits you. The acid corrodes you!
You are splashed with acid!
You hit the jelly.
Your hands burn!
The jelly is moderately wounded.
The jelly hits you. The acid corrodes you!
You are splashed with acid!
You are too injured to fight recklessly!
You are too injured to fight recklessly!
You are too injured to fight recklessly!
Your unstable footing causes you to fumble your attack.
You hit the jelly.
Your hands burn!
The jelly is heavily wounded.
The jelly hits you.
You are splashed with acid!
You barely miss the jelly. You headbutt the jelly.
The jelly is severely wounded.
The jelly hits you. The acid corrodes you!
You are splashed with acid!
* * * LOW HITPOINT WARNING * * *
Your unstable footing causes you to fumble your attack.
The jelly hits you.
* * * LOW HITPOINT WARNING * * *
The acid corrodes you!
You are splashed with acid!
You die...

##.....~.#..~# #~.##
##~.~.~..~.# #....
###~.~....## #....
###รท~~.~.## #####
##~~...~.~##
##.~~###~...#
#...##)##~~~##
#..##.~.##.~~###
#.~.@J.~.#..~~~######
##..~.#..##~~~.......
##~~## #####...~.~.
#### ########


You could see a jelly.

Vanquished Creatures
  Grinder (D:3)
  2 jellies
  4 gnolls (D:3)
  9 adders
  2 river rats
  2 worms (D:2)
  4 dart slugs
  4 orcs (D:3)
  15 ball pythons
  16 endoplasms
  6 giant cockroaches
  8 goblins
  9 hobgoblins
  5 quokkas
  5 bats
  7 frilled lizards
  4 kobolds
  13 rats
116 creatures vanquished.

Notes
Turn   | Place    | Note
-------+----------+-------------------------------------------
     0 | D:1      | BuddhaDhamma the Minotaur Berserker began the quest for the
                  | Orb.
     0 | D:1      | Reached XP level 1. HP: 19/19 MP: 0/0
    41 | D:1      | Reached skill level 4 in Axes
   171 | D:1      | Reached XP level 2. HP: 26/26 MP: 1/1
   207 | D:1      | Found Jotiasm's Magic Scroll Shop.
   450 | D:1      | Reached ** piety under Trog
   485 | D:1      | Reached skill level 5 in Axes
   614 | D:2      | Reached XP level 3. HP: 31/31 MP: 2/2
  1042 | D:2      | Reached skill level 6 in Axes
  1042 | D:2      | Reached XP level 4. HP: 36/39 MP: 3/3
  1138 | D:2      | Found a broken altar of Ashenzari.
  1296 | D:2      | Found Usoom's Assorted Antiques.
  1625 | D:3      | Reached *** piety under Trog
  2001 | D:3      | Noticed Grinder
  2021 | D:3      | Killed Grinder
  2022 | D:3      | Reached skill level 8 in Axes
  2022 | D:3      | Reached XP level 5. HP: 32/45 MP: 4/4
  2022 | D:3      | Reached XP level 6. HP: 36/51 MP: 5/5
  2318 | D:3      | Found a faded altar of an unknown god.
  2497 | D:3      | Reached skill level 9 in Axes
  2618 | D:1      | Bought a scroll of enchant weapon for 97 gold pieces
  2618 | D:1      | Bought a scroll of identify for 26 gold pieces
  2698 | D:4      | Found a glowing drain.
  2726 | Sewer    | Entered a sewer
  3134 | Sewer    | Reached **** piety under Trog
  3135 | Sewer    | Found a viscous altar of Jiyva.
  3142 | Sewer    | Reached XP level 7. HP: 50/57 MP: 6/6
  3303 | Sewer    | Splashed by a jelly's acid

Illustrated notes

Levels and vault maps discovered:
D:1:      sevenhm_arrival_forest_fort_large_4, layout_rooms, serial_shops,
          nicolae_shop_hallway_plus, corexii_item_surrounded_by_moat,
          minmay_close_crescents
D:2:      layout_basic, serial_shops, shop, basic_altar
D:3:      layout_rooms, nicolae_ecumenical_snake_handling,
          hangedman_abyss_or_decor_stabs, minmay_liquid_box,
          chequers_serial_rivers_marsh, uniq_grinder
D:4:      layout_cave_pools, portal_sewer_entry_a, hangedman_decor_opposing,
          eino_tiny_chamber, minmay_tree_intersection, uniq_crazy_yiuf_cottage,
          uniq_natasha
Sewer:    sewer_hellmonk_slimy_pipes

Skill      XL: |  1  2  3  4  5  6 |
---------------+-------------------+-----
Axes           | 4 5 6 8 9 |  9.6
Fighting       | |  3.6
Armour         | |  2.4
Dodging        | |  2.1

Action                   |  1- 3 |  4- 6 |  7- 9 || total
-------------------------+-------+-------+-------++-------
Melee: Hand axe          |    91 |   177 |    12 ||   280
       Headbutt          |     9 |    24 |     4 ||    37
       Punch             |     2 |     2 |       ||     4
Throw: Boomerang         |       |     6 |       ||     6
  Use: Scroll            |       |     3 |       ||     3
Armor: Plate armour      |    68 |    94 |       ||   162
Dodge: Dodged            |    40 |    52 |       ||    92
